 Dungeon Crawl Stone Soup version 0.17-a0-146-gd505748 (webtiles) character file.

380 Ngotmuk the Cudgeler (level 6, -5/55 HPs)
             Began as a Deep Dwarf Fighter on Mar 25, 2015.
             Killed from afar by Natasha (9 damage)
             ... with a wand of magic darts
             ... on level 3 of the Dungeon.
             The game lasted 00:11:30 (2465 turns).

Ngotmuk the Cudgeler (Deep Dwarf Fighter)           Turns: 2465, Time: 00:11:31

Health: -5/55      AC:  7    Str: 21    XL:     6   Next: 46%
Magic:  6/6        EV:  7    Int:  9    God:
Gold:   189        SH: 10    Dex: 12    Spells: 0 memorised, 5 levels left

rFire  . . .     SeeInvis .     p - +4 short sword (flame)
rCold  . . .     Clarity  .     b - +0 scale mail
rNeg   . . .     SustAb   .     c - +0 shield
rPois  .         Gourm    .     (no helmet)
rElec  .         Spirit   .     (no cloak)
rCorr  .         Warding  .     (no gloves)
rMut   .         Stasis   .     (no boots)
MR     .....                    (no amulet)
Stlth  ..........               (no ring)
                                (no ring)

@: non-regenerating, not resistant to hostile enchantments, extremely unstealthy
A: damage resistance, recharge devices, sense surroundings 1, slow healing 3
a: Device Recharging


You were on level 3 of the Dungeon.
You were not hungry.

You visited 1 branch of the dungeon, and saw 3 of its levels.
You also visited: Sewer.

You collected 189 gold pieces.

Inventory:

Hand weapons
 a - a +0 flail
 p - a +4 short sword of flaming (weapon)
Armour
 b - a +0 scale mail (worn)
 c - a +0 shield (worn)
Magical devices
 d - a wand of heal wounds (4)
Scrolls
 g - 9 scrolls of identify {unknown}
 h - a scroll of enchant armour {unknown}
 i - a scroll of recharging {unknown}
 k - 3 scrolls of magic mapping {unknown}
 l - a scroll of blinking {unknown}
 o - a scroll of fear {unknown}
 s - a scroll of remove curse {unknown}
 w - a scroll of random uselessness {unknown}
 y - a scroll of immolation {unknown}
Potions
 e - 4 potions of might
 j - a potion of beneficial mutation {unknown}
 m - 5 potions of heal wounds {unknown}
 n - a potion of invisibility {unknown}
 q - a potion of agility
 r - a potion of poison {unknown}
 t - 6 potions of curing {unknown}
 u - 3 potions of brilliance {unknown}
 v - 4 potions of flight {unknown}
 x - a potion of cure mutation {unknown}
Comestibles
 f - 2 bread rations


   Skills:
 + Level 2.9 Fighting
 * Level 5.1 Maces & Flails
 + Level 4.7 Armour
 + Level 4.7 Shields


You had 5 spell levels left.
You didn't know any spells.

Dungeon Overview and Level Annotations

Branches:
Dungeon (3/15)

Altars:
Elyvilon

Annotations:
D:3 Natasha


Innate Abilities, Weirdness & Mutations

You are resistant to damage.
You can recharge devices by infusing magical energy.
You passively map a small area around you.
You do not heal naturally.


Message History

You kill the giant gecko!
You see here a giant gecko corpse.
Eat which item? (? for menu, Esc to quit)
Yeuchh!
Anchovies.
You see here a quarterstaff.
Natasha, Servant of Life and Death comes into view.
Natasha hisses angrily.
Natasha drinks a potion.
Natasha suddenly seems more agile.
Natasha zaps a wand.
The magic dart hits you!
It is a wand of magic darts {zapped: 3}.
Natasha zaps a wand.
The magic dart hits you!
* * * LOW HITPOINT WARNING * * *
Natasha zaps a wand.
The magic dart hits you!
* * * LOW HITPOINT WARNING * * *
You hit Natasha. You burn Natasha.
Natasha is heavily wounded.
Natasha casts a spell.
Suddenly you are surrounded with a pale green light.
Natasha zaps a wand.
The magic dart hits you!
You die...

* #)##.####.....# # #.##.#
#...#.### . ## #.##.# #...#..##
#.##. #.##.# #...##.##
#####.##.##### #.##.# #...##..#
...........#.####.##.# #######.#
...........#.......#.# #.#
...........#.#######.# #.#
................@h)..# ##..
......#.#....#####...# #...
......#....#######..†#########...
#####.....................[......
##.#..<.##################..)
#.#...<.........# ##### ####
#.#.###.######.##......#
#.#.......†............#
######.#####.............[..#


You could see Natasha.

Vanquished Creatures
  2 big kobolds (Sewer)
  Natasha (D:3)
  Ijyb (D:3)
  9 adders
  A river rat (Sewer)
  4 giant geckos
  2 oozes
  5 orcs (D:3)
  13 ball pythons
  7 bats
  5 giant cockroaches
  9 goblins
  5 hobgoblins
  21 kobolds
  7 giant newts
  A quokka (D:3)
  30 rats
123 creatures vanquished.

Notes
Turn   | Place    | Note
--------------------------------------------------------------
     0 | D:1      | Ngotmuk, the Deep Dwarf Fighter, began the quest for the Orb.
     0 | D:1      | Reached XP level 1. HP: 20/20 MP: 1/1
     1 | D:1      | Found a white marble altar of Elyvilon.
   126 | D:1      | Reached XP level 2. HP: 27/27 MP: 2/2
   750 | D:2      | Reached XP level 3. HP: 29/33 MP: 3/3
  1056 | D:2      | Reached XP level 4. HP: 30/40 MP: 4/4
  1381 | D:3      | Found a glowing drain.
  1404 | D:3      | Reached skill level 4 in Shields
  1432 | Sewer    | Entered a sewer
  1564 | Sewer    | Noticed a big kobold
  1575 | Sewer    | Killed a big kobold
  1575 | Sewer    | Reached XP level 5. HP: 21/46 MP: 5/5
  1780 | Sewer    | Noticed a big kobold
  1797 | Sewer    | Killed a big kobold
  1797 | Sewer    | Reached XP level 6. HP: 35/55 MP: 6/6
  1803 | Sewer    | Reached skill level 5 in Maces & Flails
  2021 | D:3      | Noticed Natasha
  2046 | D:3      | Killed Natasha
  2291 | D:3      | Noticed Ijyb
  2322 | D:3      | Killed Ijyb
  2460 | D:3      | Noticed Natasha
  2465 | D:3      | Killed from afar by Natasha

Action                   |  1- 3 |  4- 6 || total
-------------------------+-------+-------++-------
Melee: Flail             |    92 |       ||    92
       Short sword       |    39 |   226 ||   265
Evoke: Wand              |       |     1 ||     1
  Eat: Pizza             |       |     2 ||     2
       Bread ration      |       |     1 ||     1
